[ AOE2 MATCH · #458616470 ]
UnrankedRomans vs Spanish
[ REPLAY ANALYSIS · EXTRACTED FROM THE RECORDED GAME ]
Feudal
11:54
Castle
15:49
Imperial
32:48
| APM avg | 18.5 |
| APM peak | 70 |
| eAPM avg | 14.7 |
| Villagers / military | 168 / 279 |
Focus
⚔️ 33.3% · 🌾 66.7%
Scorpion ×167 · Spearman ×76 · Militia ×20 · Battering Ram ×6 · Archer ×5 · Trebuchet (Packed) ×3
Feudal
10:45
Castle
15:34
Imperial
32:15
| APM avg | 40.6 |
| APM peak | 102 |
| eAPM avg | 26.2 |
| Villagers / military | 132 / 322 |
Focus
⚔️ 42.0% · 🌾 58.0%
Spearman ×185 · Ballista Elephant ×130 · Trade Cart ×10 · Trebuchet (Packed) ×5 · Militia ×2
Feudal
12:03
Castle
22:20
Imperial
38:56
| APM avg | 25.2 |
| APM peak | 55 |
| eAPM avg | 12.7 |
| Villagers / military | 97 / 77 |
Focus
⚔️ 23.9% · 🌾 76.1%
Conquistador ×29 · Mangonel ×16 · Spearman ×10 · Scorpion ×9 · Bombard Cannon ×9 · Petard ×2
Feudal
11:46
Castle
20:53
Imperial
38:15
| APM avg | 21.7 |
| APM peak | 44 |
| eAPM avg | 13.6 |
| Villagers / military | 145 / 461 |
Focus
⚔️ 45.3% · 🌾 54.7%
Spearman ×302 · Militia ×129 · Monk ×14 · Bombard Cannon ×11 · Teutonic Knight ×5
Feudal
13:32
Castle
18:28
Imperial
35:37
| APM avg | 24.9 |
| APM peak | 87 |
| eAPM avg | 17.9 |
| Villagers / military | 160 / 260 |
Focus
⚔️ 42.6% · 🌾 57.4%
Skirmisher ×77 · Scout Cavalry ×52 · Karambit Warrior ×40 · Archer ×36 · Battle Elephant ×34 · Trade Cart ×12
Feudal
15:58
Castle
24:19
Imperial
37:35
| APM avg | 18.3 |
| APM peak | 89 |
| eAPM avg | 17.0 |
| Villagers / military | 133 / 234 |
Focus
⚔️ 47.4% · 🌾 52.6%
Scorpion ×187 · Militia ×24 · Battering Ram ×23 · Trade Cart ×22
Feudal
—
Castle
—
Imperial
—
| APM avg | 66.3 |
| APM peak | 318 |
| eAPM avg | 63.8 |
| Villagers / military | 127 / 276 |
Focus
⚔️ 6.4% · 🌾 93.6%
Spearman ×94 · Skirmisher ×88 · Knight ×87 · Trebuchet (Packed) ×6 · Archer ×1
Feudal
12:42
Castle
16:47
Imperial
30:44
| APM avg | 37.8 |
| APM peak | 85 |
| eAPM avg | 18.9 |
| Villagers / military | 161 / 475 |
Focus
⚔️ 27.8% · 🌾 72.2%
Knight ×222 · Archer ×165 · Scout Cavalry ×82 · Trebuchet (Packed) ×5 · Monk ×1
Match map
Initial resources + every placement click. Lines = walls · curves = elevation contours. ◆ gold · ⬟ stone · ● berries · ✦ relic · ◌ wall gap
Your base· Open — unwalled flank
Pandaduongvat's base· Open — unwalled flank
[ORDCP] LeohH ;D's base· Open — unwalled flank
Surfer's Gambit's base· Open — unwalled flank
hcmiranda2203's base· Open — unwalled flank
Bruno MIRANDA's base· Open — unwalled flank
THEPADDYDOC's base· Open — unwalled flank
Ebrio's base· Open — unwalled flank
Smoothed initial terrain · ◌ = detected wall gap · hover for details
Inputs per minute
— Biggus Dichus - - Pandaduongvat
Build order — Biggus Dichus
First 150 of 462 actions detected
| 0:04 | Create | Villager (Male) |
| 0:04 | Create | Villager (Male) |
| 0:04 | Create | Villager (Male) |
| 0:04 | Create | Villager (Male) |
| 0:05 | Create | Villager (Male) |
| 0:06 | Build | House |
| 0:09 | Build | House |
| 1:38 | Create | Villager (Male) |
| 1:39 | Create | Villager (Male) |
| 1:55 | Build | Lumber Camp |
| 1:59 | Create | Villager (Male) |
| 1:59 | Create | Villager (Male) |
| 2:24 | Create | Villager (Male) |
| 2:55 | Create | Villager (Male) |
| 2:57 | Create | Villager (Male) |
| 3:28 | Build | House |
| 3:43 | Create | Villager (Male) |
| 3:44 | Create | Villager (Male) |
| 3:55 | Build | Mill |
| 4:00 | Create | Villager (Male) |
| 4:00 | Create | Villager (Male) |
| 4:36 | Create | Villager (Male) |
| 4:36 | Create | Villager (Male) |
| 5:07 | Create | Villager (Male) |
| 5:25 | Create | Villager (Male) |
| 5:45 | Create | Villager (Male) |
| 5:56 | Build | House |
| 5:58 | Build | House |
| 6:08 | Create | Villager (Male) |
| 6:09 | Create | Villager (Male) |
| 6:23 | Build | Barracks |
| 6:30 | Create | Villager (Male) |
| 6:30 | Create | Villager (Male) |
| 7:39 | Create | Villager (Male) |
| 7:39 | Create | Villager (Male) |
| 8:11 | Create | Villager (Male) |
| 8:11 | Create | Villager (Male) |
| 8:55 | Create | Villager (Male) |
| 9:04 | Create | Villager (Male) |
| 9:12 | Build | Mining Camp |
| 9:32 | Research | Feudal Age |
| 10:23 | Build | House |
| 10:46 | Build | Farm |
| 10:46 | Build | Farm |
| 10:46 | Build | Farm |
| 10:57 | Build | Farm |
| 11:32 | Create | Villager (Male) |
| 11:33 | Create | Villager (Male) |
| 11:33 | Research | Loom |
| 11:54 | Age | Feudal Age |
| 12:04 | Build | Archery Range |
| 12:19 | Build | Blacksmith |
| 12:27 | Build | Farm |
| 12:50 | Build | Farm |
| 12:52 | Research | Castle Age |
| 13:00 | Create | Archer |
| 13:01 | Create | Archer |
| 13:02 | Create | Archer |
| 13:08 | Create | Spearman |
| 13:25 | Build | Farm |
| 13:39 | Create | Archer |
| 13:42 | Research | Fletching |
| 13:59 | Research | Double-Bit Axe |
| 14:04 | Create | Archer |
| 15:00 | Build | House |
| 15:02 | Build | House |
| 15:05 | Build | House |
| 15:43 | Create | Villager (Male) |
| 15:43 | Create | Villager (Male) |
| 15:49 | Age | Castle Age |
| 15:56 | Build | Town Center |
| 16:18 | Research | Bow Saw |
| 16:21 | Research | Horse Collar |
| 16:40 | Build | Mining Camp |
| 16:43 | Create | Villager (Male) |
| 16:43 | Create | Villager (Male) |
| 16:49 | Build | Farm |
| 17:09 | Build | Farm |
| 17:11 | Create | Villager (Male) |
| 17:31 | Create | Villager (Male) |
| 17:31 | Create | Villager (Male) |
| 17:37 | Build | Farm |
| 17:40 | Build | Farm |
| 17:42 | Create | Villager (Male) |
| 17:42 | Create | Villager (Male) |
| 18:06 | Build | Farm |
| 18:08 | Create | Villager (Male) |
| 18:15 | Build | Farm |
| 18:15 | Build | Farm |
| 18:17 | Build | Farm |
| 18:18 | Build | Farm |
| 18:23 | Create | Villager (Male) |
| 18:32 | Create | Villager (Male) |
| 18:47 | Create | Villager (Male) |
| 19:05 | Create | Villager (Male) |
| 19:05 | Create | Villager (Male) |
| 19:11 | Build | Siege Workshop |
| 19:19 | Create | Villager (Male) |
| 19:19 | Create | Villager (Male) |
| 19:23 | Build | Farm |
| 19:24 | Build | Farm |
| 19:41 | Build | Monastery |
| 19:44 | Create | Villager (Male) |
| 19:44 | Create | Villager (Male) |
| 20:01 | Build | House |
| 20:02 | Build | House |
| 20:04 | Create | Villager (Male) |
| 20:20 | Create | Monk |
| 20:34 | Create | Villager (Male) |
| 20:35 | Create | Villager (Male) |
| 20:35 | Create | Villager (Male) |
| 20:49 | Create | Scorpion |
| 20:49 | Create | Scorpion |
| 20:49 | Create | Scorpion |
| 21:00 | Create | Villager (Male) |
| 21:01 | Create | Villager (Male) |
| 21:30 | Build | House |
| 21:31 | Build | House |
| 22:00 | Build | Siege Workshop |
| 22:11 | Create | Villager (Male) |
| 22:12 | Create | Villager (Male) |
| 22:13 | Create | Villager (Male) |
| 22:23 | Create | Scorpion |
| 22:24 | Create | Scorpion |
| 22:24 | Create | Scorpion |
| 22:25 | Create | Scorpion |
| 22:41 | Build | Siege Workshop |
| 22:44 | Create | Villager (Male) |
| 22:44 | Create | Villager (Male) |
| 22:47 | Create | Scorpion |
| 22:47 | Create | Scorpion |
| 22:47 | Create | Scorpion |
| 22:57 | Create | Villager (Male) |
| 23:03 | Build | University |
| 23:13 | Build | Stone Wall |
| 23:21 | Build | Stone Wall |
| 23:24 | Create | Villager (Male) |
| 23:24 | Create | Villager (Male) |
| 23:28 | Create | Scorpion |
| 23:28 | Create | Scorpion |
| 23:28 | Create | Scorpion |
| 23:36 | Build | House |
| 23:37 | Build | House |
| 23:39 | Build | House |
| 23:40 | Build | House |
| 23:46 | Create | Villager (Male) |
| 23:46 | Create | Villager (Male) |
| 23:51 | Build | House |
| 23:52 | Build | House |
| 23:56 | Research | Stone Mining |
Build order — Pandaduongvat
First 150 of 671 actions detected
| 0:01 | Create | Villager (Male) |
| 0:01 | Create | Villager (Male) |
| 0:02 | Build | House |
| 0:04 | Build | House |
| 0:07 | Create | Villager (Male) |
| 0:07 | Create | Villager (Male) |
| 1:29 | Create | Villager (Male) |
| 2:19 | Create | Villager (Male) |
| 2:19 | Create | Villager (Male) |
| 2:32 | Create | Villager (Male) |
| 2:33 | Create | Villager (Male) |
| 2:50 | Build | Lumber Camp |
| 3:35 | Create | Villager (Male) |
| 3:38 | Build | House |
| 3:39 | Build | House |
| 3:44 | Create | Villager (Male) |
| 3:44 | Create | Villager (Male) |
| 3:44 | Create | Villager (Male) |
| 5:08 | Create | Villager (Male) |
| 5:10 | Create | Villager (Male) |
| 5:10 | Create | Villager (Male) |
| 5:47 | Build | Mill |
| 6:24 | Create | Villager (Male) |
| 6:28 | Create | Villager (Male) |
| 6:29 | Create | Villager (Male) |
| 6:29 | Create | Villager (Male) |
| 6:55 | Create | Villager (Male) |
| 7:33 | Build | House |
| 7:35 | Build | House |
| 7:36 | Build | House |
| 8:28 | Research | Feudal Age |
| 8:57 | Create | Villager (Male) |
| 8:58 | Create | Villager (Male) |
| 8:58 | Create | Villager (Male) |
| 8:59 | Create | Villager (Male) |
| 9:45 | Build | Mining Camp |
| 10:45 | Age | Feudal Age |
| 11:00 | Research | Horse Collar |
| 11:01 | Research | Double-Bit Axe |
| 11:28 | Build | Farm |
| 11:29 | Build | Farm |
| 11:29 | Build | Farm |
| 11:29 | Build | Farm |
| 11:29 | Build | Farm |
| 11:30 | Build | Farm |
| 11:30 | Build | Farm |
| 11:45 | Build | Farm |
| 12:22 | Create | Villager (Male) |
| 12:29 | Build | Farm |
| 12:54 | Research | Castle Age |
| 12:56 | Build | Farm |
| 13:36 | Create | Villager (Male) |
| 13:37 | Create | Villager (Male) |
| 13:37 | Create | Villager (Male) |
| 13:37 | Create | Villager (Male) |
| 15:34 | Age | Castle Age |
| 15:38 | Build | Town Center |
| 15:50 | Build | Town Center |
| 16:20 | Create | Villager (Male) |
| 16:21 | Research | Heavy Plow |
| 16:25 | Create | Villager (Male) |
| 16:25 | Create | Villager (Male) |
| 16:26 | Create | Villager (Male) |
| 16:34 | Create | Villager (Male) |
| 16:44 | Create | Villager (Male) |
| 16:45 | Create | Villager (Male) |
| 16:57 | Create | Villager (Male) |
| 16:58 | Create | Villager (Male) |
| 16:58 | Create | Villager (Male) |
| 17:04 | Research | Bow Saw |
| 17:24 | Create | Villager (Male) |
| 17:26 | Create | Villager (Male) |
| 17:27 | Create | Villager (Male) |
| 17:32 | Build | Farm |
| 17:35 | Build | Farm |
| 17:39 | Build | Farm |
| 17:42 | Create | Villager (Male) |
| 17:42 | Create | Villager (Male) |
| 17:46 | Build | Farm |
| 18:03 | Build | House |
| 18:04 | Build | House |
| 18:06 | Build | House |
| 18:07 | Build | House |
| 18:08 | Build | House |
| 18:31 | Create | Villager (Male) |
| 18:32 | Create | Villager (Male) |
| 18:33 | Create | Villager (Male) |
| 18:33 | Create | Villager (Male) |
| 18:39 | Build | Farm |
| 18:40 | Create | Villager (Male) |
| 18:40 | Create | Villager (Male) |
| 18:49 | Build | House |
| 18:50 | Build | House |
| 18:51 | Build | House |
| 18:52 | Build | House |
| 18:55 | Create | Villager (Male) |
| 19:10 | Build | Town Center |
| 19:23 | Create | Villager (Male) |
| 19:24 | Create | Villager (Male) |
| 19:26 | Create | Villager (Male) |
| 19:29 | Research | Loom |
| 19:31 | Create | Villager (Male) |
| 19:36 | Build | Farm |
| 19:36 | Build | Farm |
| 19:36 | Build | Farm |
| 19:37 | Build | Farm |
| 19:41 | Build | Farm |
| 19:42 | Build | Farm |
| 19:46 | Build | Farm |
| 19:50 | Build | Farm |
| 19:53 | Build | Farm |
| 19:54 | Create | Villager (Male) |
| 19:54 | Create | Villager (Male) |
| 20:01 | Build | Farm |
| 20:05 | Build | Farm |
| 20:07 | Build | Farm |
| 20:11 | Create | Villager (Male) |
| 20:12 | Create | Villager (Male) |
| 20:17 | Build | Farm |
| 20:20 | Build | Farm |
| 20:23 | Build | Farm |
| 20:30 | Build | Farm |
| 20:30 | Create | Villager (Male) |
| 20:31 | Create | Villager (Male) |
| 20:32 | Create | Villager (Male) |
| 20:52 | Create | Villager (Male) |
| 20:53 | Create | Villager (Male) |
| 20:55 | Create | Villager (Male) |
| 20:57 | Create | Villager (Male) |
| 21:00 | Create | Villager (Male) |
| 21:06 | Create | Villager (Male) |
| 21:16 | Build | House |
| 21:17 | Build | House |
| 21:18 | Build | House |
| 21:18 | Build | House |
| 21:19 | Build | House |
| 21:20 | Build | House |
| 21:22 | Build | House |
| 21:23 | Build | House |
| 21:24 | Build | House |
| 21:26 | Build | House |
| 21:27 | Build | House |
| 21:28 | Build | House |
| 21:30 | Build | House |
| 21:32 | Build | House |
| 21:33 | Build | House |
| 21:34 | Build | House |
| 21:36 | Create | Villager (Male) |
| 21:36 | Create | Villager (Male) |
| 21:38 | Create | Villager (Male) |
Build order — [ORDCP] LeohH ;D
First 150 of 282 actions detected
| 0:20 | Create | Villager (Male) |
| 0:20 | Create | Villager (Male) |
| 0:54 | Build | House |
| 1:22 | Create | Villager (Male) |
| 1:51 | Create | Villager (Male) |
| 2:14 | Create | Villager (Male) |
| 2:36 | Create | Villager (Male) |
| 2:41 | Build | Lumber Camp |
| 2:50 | Create | Villager (Male) |
| 3:28 | Build | House |
| 3:56 | Create | Villager (Male) |
| 4:28 | Create | Villager (Male) |
| 4:55 | Create | Villager (Male) |
| 5:16 | Create | Villager (Male) |
| 5:19 | Build | House |
| 6:07 | Create | Villager (Male) |
| 6:07 | Create | Villager (Male) |
| 7:00 | Create | Villager (Male) |
| 7:00 | Create | Villager (Male) |
| 7:13 | Create | Villager (Male) |
| 7:32 | Create | Villager (Male) |
| 7:49 | Build | Mining Camp |
| 8:20 | Build | Mill |
| 8:33 | Build | House |
| 8:38 | Create | Villager (Male) |
| 8:38 | Create | Villager (Male) |
| 9:10 | Build | Mining Camp |
| 9:19 | Create | Villager (Male) |
| 9:52 | Research | Feudal Age |
| 11:12 | Build | House |
| 11:58 | Create | Villager (Male) |
| 11:59 | Create | Villager (Male) |
| 12:03 | Age | Feudal Age |
| 12:21 | Research | Horse Collar |
| 12:24 | Research | Double-Bit Axe |
| 12:27 | Research | Stone Mining |
| 13:06 | Create | Villager (Male) |
| 13:06 | Create | Villager (Male) |
| 13:28 | Build | Blacksmith |
| 13:38 | Build | Market |
| 13:46 | Create | Villager (Male) |
| 14:15 | Build | House |
| 14:40 | Create | Villager (Male) |
| 14:48 | Build | Farm |
| 14:52 | Build | Farm |
| 14:57 | Build | Farm |
| 15:02 | Research | Wheelbarrow |
| 15:03 | Create | Villager (Male) |
| 15:10 | Build | Farm |
| 15:15 | Build | Farm |
| 15:19 | Build | Farm |
| 15:23 | Build | Farm |
| 15:28 | Create | Villager (Male) |
| 15:54 | Create | Villager (Male) |
| 16:04 | Build | Farm |
| 16:10 | Build | Farm |
| 16:18 | Build | Farm |
| 16:22 | Create | Villager (Male) |
| 16:35 | Build | Farm |
| 17:10 | Build | Farm |
| 17:15 | Build | Farm |
| 17:24 | Build | Farm |
| 17:27 | Create | Villager (Male) |
| 17:28 | Create | Villager (Male) |
| 17:42 | Build | Lumber Camp |
| 17:48 | Create | Villager (Male) |
| 18:02 | Build | House |
| 18:42 | Create | Villager (Male) |
| 18:48 | Build | Farm |
| 18:50 | Build | Farm |
| 18:54 | Build | Farm |
| 18:59 | Create | Villager (Male) |
| 19:28 | Research | Castle Age |
| 20:23 | Research | Gold Mining |
| 20:48 | Build | House |
| 22:20 | Age | Castle Age |
| 22:37 | Build | Town Center |
| 22:41 | Research | Hand Cart |
| 22:43 | Create | Villager (Male) |
| 22:43 | Create | Villager (Male) |
| 23:07 | Research | Stone Shaft Mining |
| 23:31 | Research | Bow Saw |
| 23:33 | Research | Heavy Plow |
| 24:08 | Build | Castle |
| 24:27 | Create | Villager (Male) |
| 24:28 | Create | Villager (Male) |
| 24:34 | Build | Lumber Camp |
| 24:55 | Create | Villager (Male) |
| 24:56 | Create | Villager (Male) |
| 24:56 | Create | Villager (Male) |
| 24:56 | Create | Villager (Male) |
| 24:57 | Create | Villager (Male) |
| 24:57 | Create | Villager (Male) |
| 25:00 | Create | Villager (Male) |
| 25:05 | Create | Villager (Male) |
| 25:06 | Create | Villager (Male) |
| 25:06 | Create | Villager (Male) |
| 25:06 | Create | Villager (Male) |
| 25:06 | Create | Villager (Male) |
| 25:18 | Build | Mining Camp |
| 25:33 | Create | Conquistador |
| 25:33 | Create | Conquistador |
| 25:34 | Create | Conquistador |
| 25:37 | Create | Conquistador |
| 25:38 | Create | Conquistador |
| 25:39 | Create | Conquistador |
| 25:39 | Create | Conquistador |
| 25:43 | Create | Conquistador |
| 25:43 | Create | Conquistador |
| 25:43 | Create | Conquistador |
| 25:44 | Create | Conquistador |
| 25:44 | Create | Conquistador |
| 25:50 | Research | Padded Archer Armor |
| 26:00 | Build | Farm |
| 26:04 | Build | Farm |
| 26:15 | Build | Farm |
| 26:27 | Create | Villager (Male) |
| 26:27 | Create | Villager (Male) |
| 26:34 | Create | Villager (Male) |
| 26:52 | Build | Town Center |
| 27:03 | Build | House |
| 27:13 | Create | Conquistador |
| 27:15 | Create | Conquistador |
| 27:35 | Build | Siege Workshop |
| 27:42 | Research | Fletching |
| 27:51 | Research | Forging |
| 27:54 | Create | Conquistador |
| 27:54 | Create | Conquistador |
| 28:02 | Create | Villager (Male) |
| 28:02 | Create | Villager (Male) |
| 28:10 | Create | Villager (Male) |
| 28:10 | Create | Villager (Male) |
| 28:10 | Create | Villager (Male) |
| 28:10 | Create | Villager (Male) |
| 28:11 | Create | Villager (Male) |
| 28:11 | Create | Villager (Male) |
| 28:17 | Create | Villager (Male) |
| 28:17 | Create | Villager (Male) |
| 28:26 | Build | Farm |
| 28:30 | Build | Farm |
| 28:35 | Build | Farm |
| 28:38 | Build | Farm |
| 28:41 | Build | Farm |
| 28:44 | Build | House |
| 28:54 | Create | Villager (Male) |
| 28:54 | Create | Villager (Male) |
| 28:55 | Create | Villager (Male) |
| 29:05 | Build | Farm |
| 29:08 | Build | Farm |
| 29:11 | Build | Farm |
Build order — Surfer's Gambit
First 150 of 361 actions detected
| 0:02 | Create | Villager (Male) |
| 0:02 | Create | Villager (Male) |
| 0:03 | Create | Villager (Male) |
| 0:03 | Create | Villager (Male) |
| 0:03 | Create | Villager (Male) |
| 0:04 | Build | House |
| 0:06 | Build | House |
| 1:25 | Create | Villager (Male) |
| 1:25 | Create | Villager (Male) |
| 2:05 | Create | Villager (Male) |
| 2:05 | Create | Villager (Male) |
| 2:50 | Create | Villager (Male) |
| 3:21 | Create | Villager (Male) |
| 3:22 | Create | Villager (Male) |
| 3:29 | Build | Mill |
| 3:36 | Create | Villager (Male) |
| 3:36 | Create | Villager (Male) |
| 3:36 | Create | Villager (Male) |
| 4:05 | Create | Villager (Male) |
| 4:05 | Create | Villager (Male) |
| 4:10 | Build | House |
| 4:22 | Create | Villager (Male) |
| 4:53 | Build | Lumber Camp |
| 5:02 | Create | Villager (Male) |
| 5:03 | Create | Villager (Male) |
| 5:03 | Create | Villager (Male) |
| 5:33 | Create | Villager (Male) |
| 5:34 | Create | Villager (Male) |
| 5:34 | Create | Villager (Male) |
| 5:42 | Create | Villager (Male) |
| 6:12 | Create | Villager (Male) |
| 6:12 | Create | Villager (Male) |
| 6:23 | Build | House |
| 6:29 | Create | Villager (Male) |
| 7:03 | Create | Villager (Male) |
| 7:04 | Create | Villager (Male) |
| 7:04 | Create | Villager (Male) |
| 7:04 | Create | Villager (Male) |
| 7:20 | Create | Villager (Male) |
| 7:49 | Create | Villager (Male) |
| 7:49 | Create | Villager (Male) |
| 8:31 | Build | Mining Camp |
| 9:18 | Research | Feudal Age |
| 10:26 | Build | Barracks |
| 10:29 | Build | House |
| 10:58 | Research | Loom |
| 10:58 | Create | Villager (Male) ×5 |
| 11:36 | Build | House |
| 11:46 | Age | Feudal Age |
| 11:47 | Research | Double-Bit Axe |
| 12:01 | Research | Man-at-Arms (upgrade) |
| 12:02 | Research | Arson |
| 12:08 | Create | Militia |
| 12:16 | Build | Blacksmith |
| 12:35 | Research | Horse Collar |
| 12:53 | Build | Farm |
| 12:53 | Build | Farm |
| 12:53 | Build | Farm |
| 12:54 | Build | Farm |
| 12:54 | Build | Farm |
| 12:54 | Build | Farm |
| 12:54 | Build | Farm |
| 12:57 | Build | Farm |
| 13:04 | Build | Farm |
| 13:04 | Build | Farm |
| 13:05 | Build | Farm |
| 13:17 | Build | Market |
| 13:48 | Create | Villager (Male) |
| 13:59 | Build | Farm |
| 14:11 | Create | Villager (Male) |
| 14:14 | Create | Militia |
| 14:36 | Build | House |
| 14:38 | Build | House |
| 14:46 | Build | House |
| 14:48 | Build | House |
| 14:49 | Build | House |
| 14:51 | Build | House |
| 14:52 | Create | Villager (Male) |
| 14:53 | Create | Villager (Male) |
| 14:53 | Create | Villager (Male) |
| 14:53 | Create | Villager (Male) |
| 14:57 | Build | Farm |
| 15:31 | Create | Villager (Male) ×5 |
| 15:37 | Create | Spearman |
| 15:37 | Create | Spearman |
| 15:43 | Create | Villager (Male) |
| 16:12 | Build | Farm |
| 16:25 | Create | Villager (Male) |
| 16:38 | Create | Spearman |
| 16:38 | Create | Spearman |
| 16:42 | Create | Villager (Male) ×4 |
| 16:48 | Build | House |
| 16:49 | Build | House |
| 16:51 | Build | House |
| 16:52 | Build | House |
| 16:59 | Build | Farm |
| 17:05 | Build | Farm |
| 17:06 | Build | Farm |
| 17:08 | Build | Farm |
| 17:46 | Create | Villager (Male) |
| 18:08 | Research | Castle Age |
| 19:42 | Research | Wheelbarrow |
| 19:42 | Research | Town Watch |
| 19:50 | Build | Farm |
| 19:50 | Build | Farm |
| 19:58 | Build | House |
| 19:59 | Build | House |
| 20:01 | Build | House |
| 20:01 | Build | House |
| 20:11 | Build | Farm |
| 20:12 | Build | Farm |
| 20:20 | Create | Villager (Male) |
| 20:20 | Create | Villager (Male) |
| 20:53 | Age | Castle Age |
| 21:23 | Build | Barracks |
| 21:30 | Build | Barracks |
| 21:39 | Research | Long Swordsman (upgrade) |
| 21:42 | Research | Squires |
| 21:44 | Research | Pikeman (upgrade) |
| 22:25 | Research | Scale Mail Armor |
| 22:28 | Create | Villager (Male) |
| 22:32 | Build | Town Center |
| 22:38 | Build | Town Center |
| 22:43 | Research | Gambesons |
| 22:57 | Build | Farm |
| 23:10 | Build | House |
| 23:13 | Build | House |
| 23:14 | Build | House |
| 23:22 | Create | Militia |
| 23:22 | Create | Militia |
| 23:50 | Research | Gold Mining |
| 23:56 | Create | Villager (Male) ×5 |
| 24:03 | Create | Villager (Male) ×5 |
| 24:11 | Create | Villager (Male) ×5 |
| 24:17 | Create | Militia ×5 |
| 24:18 | Create | Militia |
| 24:39 | Build | Mining Camp |
| 24:52 | Research | Forging |
| 24:59 | Create | Militia ×3 |
| 25:04 | Create | Villager (Male) ×2 |
| 25:04 | Create | Villager (Male) ×2 |
| 25:10 | Build | Farm |
| 25:10 | Build | Farm |
| 25:10 | Build | Farm |
| 25:11 | Build | Farm |
| 25:11 | Build | Farm |
| 25:12 | Build | Farm |
| 25:19 | Build | Farm |
| 25:26 | Build | Farm |
| 25:28 | Research | Bow Saw |
Build order — hcmiranda2203
First 150 of 628 actions detected
| 0:02 | Create | Villager (Male) |
| 0:02 | Create | Villager (Male) |
| 0:02 | Create | Villager (Male) |
| 0:03 | Create | Villager (Male) |
| 0:03 | Create | Villager (Male) |
| 0:04 | Build | House |
| 0:07 | Build | House |
| 1:25 | Create | Villager (Male) |
| 1:25 | Create | Villager (Male) |
| 1:58 | Create | Villager (Male) |
| 2:26 | Create | Villager (Male) |
| 2:26 | Create | Villager (Male) |
| 2:33 | Create | Villager (Male) |
| 2:33 | Create | Villager (Male) |
| 2:56 | Create | Villager (Male) |
| 2:56 | Create | Villager (Male) |
| 3:53 | Create | Villager (Male) |
| 3:54 | Create | Villager (Male) |
| 3:54 | Create | Villager (Male) |
| 3:55 | Build | House |
| 4:04 | Create | Villager (Male) |
| 4:05 | Create | Villager (Male) |
| 4:23 | Create | Villager (Male) |
| 4:23 | Create | Villager (Male) |
| 4:24 | Create | Villager (Male) |
| 4:25 | Create | Villager (Male) |
| 4:45 | Create | Villager (Male) |
| 4:45 | Create | Villager (Male) |
| 4:46 | Create | Villager (Male) |
| 4:59 | Create | Villager (Male) |
| 4:59 | Create | Villager (Male) |
| 5:21 | Build | Lumber Camp |
| 5:40 | Build | House |
| 6:11 | Create | Villager (Male) |
| 6:12 | Create | Villager (Male) |
| 6:12 | Create | Villager (Male) |
| 6:58 | Build | Mill |
| 8:03 | Build | House |
| 8:27 | Create | Villager (Male) |
| 8:27 | Create | Villager (Male) |
| 8:28 | Create | Villager (Male) |
| 8:28 | Create | Villager (Male) |
| 9:12 | Build | Mill |
| 9:16 | Create | Villager (Male) |
| 9:58 | Create | Villager (Male) |
| 10:05 | Create | Villager (Male) |
| 10:05 | Create | Villager (Male) |
| 10:15 | Build | Mining Camp |
| 10:19 | Create | Villager (Male) |
| 10:20 | Create | Villager (Male) |
| 10:26 | Build | House |
| 10:52 | Build | Farm |
| 10:53 | Build | Farm |
| 10:53 | Build | Farm |
| 10:53 | Build | Farm |
| 10:53 | Build | Farm |
| 11:02 | Build | Farm |
| 11:09 | Build | Farm |
| 11:16 | Research | Feudal Age |
| 11:30 | Build | Barracks |
| 11:33 | Build | House |
| 11:54 | Build | Mining Camp |
| 12:11 | Build | House |
| 12:15 | Build | House |
| 12:49 | Create | Villager (Male) |
| 13:15 | Create | Villager (Male) |
| 13:32 | Age | Feudal Age |
| 13:33 | Research | Double-Bit Axe |
| 13:39 | Create | Spearman |
| 13:40 | Create | Spearman |
| 13:47 | Create | Villager (Male) |
| 13:50 | Build | Farm |
| 14:04 | Build | Farm |
| 14:18 | Build | Archery Range |
| 14:20 | Build | House |
| 14:22 | Build | House |
| 14:24 | Create | Villager (Male) |
| 14:25 | Create | Villager (Male) |
| 14:30 | Build | Farm |
| 14:57 | Create | Villager (Male) |
| 15:06 | Build | Market |
| 15:12 | Build | Blacksmith |
| 15:20 | Build | Farm |
| 15:24 | Create | Villager (Male) |
| 15:31 | Create | Archer |
| 15:31 | Create | Archer |
| 15:32 | Create | Archer |
| 15:32 | Create | Archer |
| 15:32 | Create | Archer |
| 15:33 | Create | Archer |
| 16:08 | Build | Farm |
| 16:20 | Build | House |
| 16:22 | Build | House |
| 16:27 | Create | Villager (Male) |
| 16:33 | Build | Farm |
| 16:48 | Research | Castle Age |
| 16:57 | Build | House |
| 16:58 | Build | House |
| 17:02 | Create | Archer |
| 17:02 | Create | Archer |
| 17:23 | Research | Stone Mining |
| 17:39 | Research | Gold Mining |
| 17:44 | Research | Loom |
| 17:51 | Create | Villager (Male) |
| 18:01 | Build | House |
| 18:02 | Build | House |
| 18:28 | Age | Castle Age |
| 18:33 | Build | Town Center |
| 18:53 | Research | Crossbowman (upgrade) |
| 19:12 | Build | House |
| 19:13 | Build | House |
| 19:29 | Build | Castle |
| 19:44 | Build | House |
| 19:45 | Build | House |
| 19:49 | Create | Villager (Male) |
| 19:50 | Create | Villager (Male) |
| 19:50 | Create | Villager (Male) |
| 19:50 | Create | Villager (Male) |
| 19:50 | Create | Villager (Male) |
| 19:51 | Create | Villager (Male) |
| 19:51 | Create | Villager (Male) |
| 19:51 | Create | Villager (Male) |
| 19:51 | Create | Villager (Male) |
| 20:16 | Create | Spearman |
| 20:16 | Create | Spearman |
| 20:38 | Build | Farm |
| 20:40 | Create | Villager (Male) |
| 20:40 | Create | Villager (Male) |
| 20:41 | Create | Villager (Male) |
| 20:41 | Create | Villager (Male) |
| 20:41 | Create | Villager (Male) |
| 21:09 | Create | Villager (Male) |
| 21:10 | Create | Villager (Male) |
| 21:10 | Create | Villager (Male) |
| 21:10 | Create | Villager (Male) |
| 21:50 | Research | Fletching |
| 21:52 | Research | Padded Archer Armor |
| 22:01 | Build | Castle |
| 22:34 | Create | Villager (Male) |
| 22:35 | Create | Villager (Male) |
| 22:35 | Create | Villager (Male) |
| 22:35 | Create | Villager (Male) |
| 22:38 | Build | Farm |
| 22:38 | Build | Farm |
| 22:39 | Build | Farm |
| 22:39 | Build | Farm |
| 22:44 | Build | Farm |
| 22:44 | Build | Farm |
| 22:44 | Build | Farm |
| 22:44 | Build | Farm |
Build order — Bruno MIRANDA
First 150 of 524 actions detected
| 0:04 | Create | Villager (Male) |
| 0:04 | Create | Villager (Male) |
| 0:04 | Create | Villager (Male) |
| 0:05 | Create | Villager (Male) |
| 0:05 | Create | Villager (Male) |
| 0:09 | Build | House |
| 0:46 | Build | House |
| 0:48 | Build | House |
| 0:49 | Build | House |
| 0:51 | Build | House |
| 0:52 | Build | House |
| 0:54 | Build | House |
| 0:56 | Build | House |
| 2:02 | Create | Villager (Male) |
| 2:02 | Create | Villager (Male) |
| 2:27 | Create | Villager (Male) |
| 2:27 | Create | Villager (Male) |
| 3:03 | Create | Villager (Male) |
| 3:03 | Create | Villager (Male) |
| 3:29 | Create | Villager (Male) |
| 3:29 | Create | Villager (Male) |
| 3:30 | Create | Villager (Male) |
| 3:57 | Create | Villager (Male) |
| 4:09 | Create | Villager (Male) |
| 4:09 | Create | Villager (Male) |
| 4:37 | Create | Villager (Male) |
| 4:38 | Create | Villager (Male) |
| 5:04 | Create | Villager (Male) |
| 5:05 | Create | Villager (Male) |
| 5:28 | Create | Villager (Male) |
| 5:29 | Create | Villager (Male) |
| 5:29 | Create | Villager (Male) |
| 5:43 | Create | Villager (Male) |
| 5:43 | Create | Villager (Male) |
| 6:00 | Create | Villager (Male) |
| 6:01 | Create | Villager (Male) |
| 6:01 | Create | Villager (Male) |
| 7:06 | Create | Villager (Male) |
| 7:06 | Create | Villager (Male) |
| 7:07 | Create | Villager (Male) |
| 7:25 | Build | Lumber Camp |
| 8:13 | Build | Mill |
| 8:50 | Create | Villager (Male) |
| 8:50 | Create | Villager (Male) |
| 8:50 | Create | Villager (Male) |
| 8:51 | Create | Villager (Male) |
| 8:51 | Create | Villager (Male) |
| 8:51 | Create | Villager (Male) |
| 8:52 | Create | Villager (Male) |
| 10:48 | Build | Mining Camp |
| 10:59 | Create | Villager (Male) |
| 10:59 | Create | Villager (Male) |
| 10:59 | Create | Villager (Male) |
| 10:59 | Create | Villager (Male) |
| 11:42 | Build | Mill |
| 11:58 | Build | Mill |
| 12:15 | Build | Mining Camp |
| 13:48 | Research | Feudal Age |
| 14:21 | Build | Barracks |
| 14:26 | Build | Barracks |
| 14:53 | Create | Villager (Male) |
| 14:53 | Create | Villager (Male) |
| 14:53 | Create | Villager (Male) |
| 14:54 | Create | Villager (Male) |
| 14:54 | Create | Villager (Male) |
| 14:54 | Create | Villager (Male) |
| 15:21 | Build | House |
| 15:23 | Build | House |
| 15:25 | Build | House |
| 15:27 | Build | House |
| 15:58 | Age | Feudal Age |
| 16:12 | Create | Militia |
| 16:12 | Create | Militia |
| 16:13 | Create | Militia |
| 16:13 | Create | Militia |
| 16:13 | Create | Militia |
| 16:13 | Create | Militia |
| 16:36 | Build | Blacksmith |
| 16:46 | Build | Stable |
| 16:57 | Create | Militia |
| 16:58 | Create | Militia |
| 16:58 | Create | Militia |
| 16:59 | Create | Militia |
| 16:59 | Create | Militia |
| 17:20 | Create | Militia |
| 17:20 | Create | Militia |
| 17:20 | Create | Militia |
| 17:33 | Build | Farm |
| 17:34 | Build | Farm |
| 17:34 | Build | Farm |
| 17:34 | Build | Farm |
| 17:34 | Build | Farm |
| 17:35 | Build | Farm |
| 17:35 | Build | Farm |
| 17:36 | Build | Farm |
| 17:57 | Build | Farm |
| 17:57 | Build | Farm |
| 17:57 | Build | Farm |
| 17:57 | Build | Farm |
| 17:58 | Build | Farm |
| 17:58 | Build | Farm |
| 17:59 | Build | Farm |
| 17:59 | Build | Farm |
| 18:00 | Build | Farm |
| 18:02 | Build | Farm |
| 18:33 | Build | Farm |
| 18:35 | Build | Farm |
| 19:04 | Research | Man-at-Arms (upgrade) |
| 19:21 | Research | Forging |
| 19:35 | Research | Scale Mail Armor |
| 21:39 | Research | Castle Age |
| 23:09 | Research | Stone Mining |
| 23:11 | Research | Gold Mining |
| 24:19 | Age | Castle Age |
| 24:57 | Build | Town Center |
| 25:04 | Build | Town Center |
| 25:07 | Build | Town Center |
| 25:18 | Research | Wheelbarrow |
| 25:22 | Research | Double-Bit Axe |
| 25:25 | Research | Horse Collar |
| 25:55 | Create | Villager (Male) |
| 26:00 | Create | Villager (Male) |
| 26:01 | Create | Villager (Male) |
| 26:01 | Create | Villager (Male) |
| 26:01 | Create | Villager (Male) |
| 26:02 | Create | Villager (Male) |
| 26:36 | Research | Gold Shaft Mining |
| 26:54 | Research | Hand Cart |
| 26:56 | Create | Villager (Male) |
| 26:56 | Create | Villager (Male) |
| 26:57 | Create | Villager (Male) |
| 26:57 | Create | Villager (Male) |
| 27:02 | Create | Villager (Male) |
| 27:03 | Create | Villager (Male) |
| 27:03 | Create | Villager (Male) |
| 27:03 | Create | Villager (Male) |
| 27:03 | Create | Villager (Male) |
| 27:04 | Create | Villager (Male) |
| 27:04 | Create | Villager (Male) |
| 27:04 | Create | Villager (Male) |
| 28:17 | Research | Heavy Plow |
| 28:29 | Create | Villager (Male) |
| 28:29 | Create | Villager (Male) |
| 28:30 | Create | Villager (Male) |
| 28:43 | Build | Castle |
| 28:57 | Build | Stone Wall |
| 29:16 | Build | Market |
| 29:17 | Build | Market |
| 29:19 | Build | Market |
| 29:26 | Build | Mining Camp |
Build order — THEPADDYDOC
First 150 of 1100 actions detected
| 0:02 | Create | Villager (Male) |
| 0:03 | Create | Villager (Male) |
| 0:03 | Create | Villager (Male) |
| 0:03 | Create | Villager (Male) |
| 0:03 | Create | Villager (Male) |
| 0:12 | Build | House |
| 0:17 | Build | House |
| 1:54 | Create | Villager (Male) |
| 2:08 | Build | Lumber Camp |
| 2:12 | Create | Villager (Male) |
| 2:43 | Create | Villager (Male) |
| 3:11 | Create | Villager (Male) |
| 3:11 | Create | Villager (Male) |
| 3:47 | Build | House |
| 3:51 | Create | Villager (Male) |
| 4:54 | Create | Villager (Male) |
| 5:03 | Create | Villager (Male) |
| 5:58 | Create | Villager (Male) |
| 6:15 | Create | Villager (Male) |
| 6:41 | Create | Villager (Male) |
| 6:48 | Build | House |
| 6:55 | Create | Villager (Male) |
| 7:06 | Create | Villager (Male) |
| 7:20 | Create | Villager (Male) |
| 7:20 | Create | Villager (Male) |
| 7:58 | Create | Villager (Male) |
| 9:08 | Build | Mill |
| 9:29 | Build | Mining Camp |
| 9:30 | Create | Villager (Male) |
| 9:48 | Research | Feudal Age |
| 10:03 | Build | Mill |
| 10:33 | Build | House |
| 10:36 | Build | House |
| 10:38 | Build | House |
| 11:52 | Create | Villager (Male) |
| 12:14 | Research | Double-Bit Axe |
| 12:19 | Research | Horse Collar |
| 12:24 | Create | Villager (Male) |
| 12:25 | Create | Villager (Male) |
| 12:38 | Build | Barracks |
| 12:42 | Build | House |
| 12:45 | Create | Villager (Male) |
| 12:59 | Build | Blacksmith |
| 13:05 | Create | Villager (Male) |
| 13:27 | Create | Villager (Male) |
| 14:08 | Create | Villager (Male) |
| 14:23 | Create | Villager (Male) |
| 14:50 | Create | Villager (Male) |
| 15:19 | Build | Archery Range |
| 15:24 | Build | Archery Range |
| 15:26 | Create | Villager (Male) |
| 15:42 | Create | Villager (Male) |
| 16:05 | Build | Farm |
| 16:05 | Build | Farm |
| 16:05 | Build | Farm |
| 16:05 | Build | Farm |
| 16:05 | Build | Farm |
| 16:05 | Build | Farm |
| 16:05 | Build | Farm |
| 16:05 | Build | Farm |
| 16:05 | Build | Farm |
| 16:05 | Build | Farm |
| 16:05 | Build | Farm |
| 16:05 | Build | Farm |
| 16:05 | Build | Farm |
| 16:05 | Build | Farm |
| 16:05 | Build | Farm |
| 16:05 | Build | Farm |
| 16:05 | Build | Farm |
| 16:05 | Build | Farm |
| 16:05 | Build | Farm |
| 16:05 | Build | Farm |
| 16:05 | Build | Farm |
| 16:05 | Build | Farm |
| 16:05 | Build | Farm |
| 16:05 | Build | Farm |
| 16:05 | Build | Farm |
| 16:05 | Build | Farm |
| 16:05 | Build | Farm |
| 16:05 | Build | Farm |
| 16:05 | Build | Farm |
| 16:05 | Build | Farm |
| 16:05 | Build | Farm |
| 16:05 | Build | Farm |
| 16:05 | Build | Farm |
| 16:05 | Build | Farm |
| 16:05 | Build | Farm |
| 16:05 | Build | Farm |
| 16:06 | Build | Farm |
| 16:06 | Build | Farm |
| 16:06 | Build | Farm |
| 16:06 | Build | Farm |
| 16:06 | Build | Farm |
| 16:06 | Build | Farm |
| 16:06 | Build | Farm |
| 16:06 | Build | Farm |
| 16:06 | Build | Farm |
| 16:06 | Build | Farm |
| 16:06 | Build | Farm |
| 16:06 | Build | Farm |
| 16:06 | Build | Farm |
| 16:06 | Build | Farm |
| 16:06 | Build | Farm |
| 16:06 | Build | Farm |
| 16:06 | Build | Farm |
| 16:06 | Build | Farm |
| 16:06 | Build | Farm |
| 16:06 | Build | Farm |
| 16:06 | Build | Farm |
| 16:06 | Build | Farm |
| 16:06 | Build | Farm |
| 16:06 | Build | Farm |
| 16:06 | Build | Farm |
| 16:06 | Build | Farm |
| 16:06 | Build | Farm |
| 16:06 | Build | Farm |
| 16:06 | Build | Farm |
| 16:07 | Build | Farm |
| 16:07 | Build | Farm |
| 16:07 | Build | Farm |
| 16:07 | Build | Farm |
| 16:07 | Build | Farm |
| 16:07 | Build | Farm |
| 16:07 | Build | Farm |
| 16:07 | Build | Farm |
| 16:07 | Build | Farm |
| 16:07 | Build | Farm |
| 16:07 | Build | Farm |
| 16:07 | Build | Farm |
| 16:07 | Build | Farm |
| 16:07 | Build | Farm |
| 16:07 | Build | Farm |
| 16:07 | Build | Farm |
| 16:07 | Build | Farm |
| 16:07 | Build | Farm |
| 16:07 | Build | Farm |
| 16:07 | Build | Farm |
| 16:07 | Build | Farm |
| 16:07 | Build | Farm |
| 16:07 | Build | Farm |
| 16:07 | Build | Farm |
| 16:07 | Build | Farm |
| 16:07 | Build | Farm |
| 16:07 | Build | Farm |
| 16:07 | Build | Farm |
| 16:07 | Build | Farm |
| 16:07 | Build | Farm |
| 16:07 | Build | Farm |
| 16:07 | Build | Farm |
| 16:07 | Build | Farm |
Build order — Ebrio
First 150 of 417 actions detected
| 0:02 | Create | Villager (Male) |
| 0:02 | Create | Villager (Male) |
| 0:03 | Create | Villager (Male) |
| 0:03 | Create | Villager (Male) |
| 0:03 | Create | Villager (Male) |
| 0:11 | Build | House |
| 0:13 | Build | House |
| 1:45 | Create | Villager (Male) |
| 1:45 | Create | Villager (Male) |
| 2:05 | Build | Lumber Camp |
| 2:37 | Create | Villager (Male) |
| 2:38 | Create | Villager (Male) |
| 2:48 | Create | Villager (Male) |
| 2:49 | Create | Villager (Male) |
| 3:16 | Create | Villager (Male) |
| 3:17 | Create | Villager (Male) |
| 3:33 | Build | House |
| 3:38 | Research | Loom |
| 4:09 | Create | Villager (Male) |
| 4:35 | Build | House |
| 4:37 | Build | House |
| 4:47 | Build | Mill |
| 4:50 | Create | Villager (Male) |
| 4:51 | Create | Villager (Male) |
| 5:13 | Create | Villager (Male) |
| 5:14 | Create | Villager (Male) |
| 5:47 | Create | Villager (Male) ×4 |
| 7:09 | Create | Villager (Male) |
| 7:29 | Create | Villager (Male) |
| 7:30 | Create | Villager (Male) |
| 7:30 | Create | Villager (Male) |
| 9:03 | Create | Villager (Male) ×5 |
| 9:52 | Research | Feudal Age |
| 10:03 | Build | Mining Camp |
| 10:28 | Build | Farm |
| 10:31 | Build | Farm |
| 10:34 | Build | Farm |
| 10:40 | Build | Farm |
| 10:48 | Build | Farm |
| 10:51 | Build | Farm |
| 10:54 | Build | Farm |
| 11:09 | Build | Farm |
| 11:31 | Create | Villager (Male) |
| 11:31 | Create | Villager (Male) |
| 12:42 | Age | Feudal Age |
| 12:49 | Build | Market |
| 12:54 | Build | Blacksmith |
| 13:15 | Build | Mining Camp |
| 13:24 | Research | Double-Bit Axe |
| 14:21 | Research | Castle Age |
| 14:53 | Build | House |
| 14:54 | Build | House |
| 14:56 | Build | House |
| 16:37 | Research | Wheelbarrow |
| 16:47 | Age | Castle Age |
| 17:18 | Build | Town Center |
| 17:36 | Build | Town Center |
| 17:43 | Research | Bow Saw |
| 17:46 | Research | Horse Collar |
| 18:35 | Create | Villager (Male) |
| 18:35 | Create | Villager (Male) |
| 18:47 | Create | Villager (Male) ×5 |
| 19:05 | Create | Villager (Male) |
| 19:23 | Create | Villager (Male) |
| 19:30 | Build | House |
| 19:31 | Build | House |
| 19:45 | Build | Town Center |
| 19:50 | Create | Villager (Male) |
| 19:50 | Create | Villager (Male) |
| 19:50 | Create | Villager (Male) |
| 19:58 | Create | Villager (Male) |
| 20:10 | Build | Farm |
| 20:17 | Build | Farm |
| 20:20 | Build | Farm |
| 20:24 | Build | Farm |
| 20:25 | Create | Villager (Male) |
| 20:25 | Create | Villager (Male) |
| 20:26 | Create | Villager (Male) |
| 20:26 | Create | Villager (Male) |
| 20:28 | Create | Villager (Male) |
| 20:40 | Build | Farm |
| 20:43 | Build | Farm |
| 20:47 | Build | Farm |
| 20:51 | Build | Farm |
| 20:54 | Create | Villager (Male) |
| 21:03 | Build | Farm |
| 21:07 | Build | Farm |
| 21:11 | Build | Farm |
| 21:13 | Create | Villager (Male) |
| 21:16 | Create | Villager (Male) |
| 21:16 | Create | Villager (Male) |
| 21:26 | Build | House |
| 21:27 | Build | House |
| 21:35 | Build | Farm |
| 21:41 | Build | Farm |
| 21:44 | Create | Villager (Male) |
| 21:44 | Create | Villager (Male) |
| 21:45 | Create | Villager (Male) |
| 21:45 | Create | Villager (Male) |
| 21:46 | Create | Villager (Male) |
| 21:54 | Build | Farm |
| 21:55 | Create | Villager (Male) |
| 21:56 | Create | Villager (Male) |
| 21:57 | Create | Villager (Male) |
| 22:04 | Build | Farm |
| 22:05 | Build | Farm |
| 22:06 | Build | Farm |
| 22:14 | Create | Villager (Male) |
| 22:16 | Create | Villager (Male) |
| 22:22 | Build | Farm |
| 22:25 | Build | Farm |
| 22:29 | Build | Farm |
| 22:32 | Build | Farm |
| 22:35 | Create | Villager (Male) |
| 22:36 | Create | Villager (Male) |
| 22:36 | Create | Villager (Male) |
| 22:36 | Create | Villager (Male) |
| 22:40 | Create | Villager (Male) |
| 22:44 | Build | Farm |
| 22:48 | Build | Farm |
| 22:51 | Build | Farm |
| 22:54 | Build | Farm |
| 22:57 | Create | Villager (Male) |
| 22:58 | Create | Villager (Male) |
| 22:58 | Create | Villager (Male) |
| 23:00 | Create | Villager (Male) |
| 23:06 | Build | Farm |
| 23:11 | Build | Farm |
| 23:14 | Build | Farm |
| 23:17 | Build | Farm |
| 23:22 | Build | Farm |
| 23:23 | Create | Villager (Male) |
| 23:23 | Create | Villager (Male) |
| 23:24 | Create | Villager (Male) |
| 23:24 | Create | Villager (Male) |
| 23:24 | Create | Villager (Male) |
| 23:24 | Create | Villager (Male) |
| 23:32 | Build | House |
| 23:33 | Build | House |
| 23:35 | Build | House |
| 23:42 | Create | Villager (Male) |
| 23:43 | Create | Villager (Male) |
| 23:43 | Create | Villager (Male) |
| 23:44 | Create | Villager (Male) |
| 23:44 | Create | Villager (Male) |
| 23:56 | Create | Villager (Male) |
| 23:56 | Create | Villager (Male) |
| 23:56 | Create | Villager (Male) |
| 24:10 | Build | House |
| 24:11 | Build | House |
Match timeline
| 6:23 | Biggus Dichus · first_building Barracks |
| 10:26 | Surfer's Gambit · first_building Barracks |
| 10:45 | Pandaduongvat · age_up feudal |
| 11:30 | hcmiranda2203 · first_building Barracks |
| 11:46 | Surfer's Gambit · age_up feudal |
| 11:54 | Biggus Dichus · age_up feudal |
| 12:03 | [ORDCP] LeohH ;D · age_up feudal |
| 12:04 | Biggus Dichus · first_building Archery Range |
| 12:38 | THEPADDYDOC · first_building Barracks |
| 12:42 | Ebrio · age_up feudal |
| 13:32 | hcmiranda2203 · age_up feudal |
| 14:18 | hcmiranda2203 · first_building Archery Range |
| 14:21 | Bruno MIRANDA · first_building Barracks |
| 15:19 | THEPADDYDOC · first_building Archery Range |
| 15:34 | Pandaduongvat · age_up castle |
| 15:49 | Biggus Dichus · age_up castle |
| 15:58 | Bruno MIRANDA · age_up feudal |
| 16:46 | Bruno MIRANDA · first_building Stable |
| 16:47 | Ebrio · age_up castle |
| 18:28 | hcmiranda2203 · age_up castle |
| 19:11 | Biggus Dichus · first_building Siege Workshop |
| 19:29 | hcmiranda2203 · first_building Castle |
| 19:41 | Biggus Dichus · first_building Monastery |
| 20:35 | hcmiranda2203 · first_market_buy 100 wood |
| 20:53 | Surfer's Gambit · age_up castle |
| 22:20 | [ORDCP] LeohH ;D · age_up castle |
| 23:13 | Biggus Dichus · wall_segment Stone Wall x1 |
| 23:21 | Biggus Dichus · wall_segment Stone Wall x7 |
| 23:44 | Surfer's Gambit · first_market_sell 500 food |
| 23:45 | Surfer's Gambit · first_market_buy 100 wood |
| 24:07 | THEPADDYDOC · first_market_buy 100 wood |
| 24:08 | [ORDCP] LeohH ;D · first_building Castle |
| 24:12 | Pandaduongvat · first_building Monastery |
| 24:19 | Bruno MIRANDA · age_up castle |
| 24:24 | hcmiranda2203 · first_building Siege Workshop |
| 25:03 | THEPADDYDOC · wall_segment Stone Wall x25 |
| 26:04 | Ebrio · first_building Monastery |
| 26:40 | [ORDCP] LeohH ;D · first_market_buy 100 stone |
| 27:25 | Pandaduongvat · first_building Castle |
| 27:27 | Biggus Dichus · first_building Castle |
| 27:35 | [ORDCP] LeohH ;D · first_building Siege Workshop |
| 27:36 | Pandaduongvat · wall_segment Stone Wall x2 |
| 27:40 | Pandaduongvat · wall_segment Stone Wall x13 |
| 28:35 | THEPADDYDOC · first_building Castle |
| 28:40 | Pandaduongvat · first_building Barracks |
| 28:43 | Bruno MIRANDA · first_building Castle |
| 28:57 | Bruno MIRANDA · wall_segment Stone Wall x24 |
| 29:02 | Ebrio · first_building Barracks |
| 29:31 | Biggus Dichus · first_market_sell 100 wood |
| 30:10 | THEPADDYDOC · first_building Stable |
| 30:44 | Ebrio · age_up imperial |
| 30:56 | Ebrio · first_building Stable |
| 32:15 | Pandaduongvat · age_up imperial |
| 32:17 | Bruno MIRANDA · first_market_buy 100 stone |
| 32:24 | hcmiranda2203 · tribute_sent a jugador 1 |
| 32:24 | hcmiranda2203 · tribute_sent a jugador 2 |
| 32:24 | hcmiranda2203 · tribute_sent a jugador 3 |
| 32:24 | hcmiranda2203 · tribute_sent a jugador 5 |
| 32:24 | hcmiranda2203 · tribute_sent a jugador 6 |
| 32:24 | hcmiranda2203 · tribute_sent a jugador 7 |
| 32:24 | hcmiranda2203 · tribute_sent a jugador 8 |
| 32:29 | Bruno MIRANDA · wall_segment Stone Wall x9 |
| 32:48 | Biggus Dichus · age_up imperial |
| 33:29 | Surfer's Gambit · first_building Monastery |
| 33:51 | [ORDCP] LeohH ;D · first_building Barracks |
| 33:55 | Ebrio · first_building Castle |
| 34:11 | THEPADDYDOC · first_market_sell 500 stone |
| 34:18 | Bruno MIRANDA · first_building Siege Workshop |
| 34:19 | hcmiranda2203 · first_building Stable |
| 34:32 | Pandaduongvat · wall_segment Stone Wall x1 |
| 35:37 | hcmiranda2203 · age_up imperial |
| 36:20 | Pandaduongvat · wall_segment Stone Wall x1 |
| 36:35 | [ORDCP] LeohH ;D · first_building Stable |
| 37:35 | Bruno MIRANDA · age_up imperial |
| 38:15 | Surfer's Gambit · age_up imperial |
| 38:56 | [ORDCP] LeohH ;D · age_up imperial |
| 39:45 | hcmiranda2203 · tribute_sent a jugador 1 |
| 39:45 | hcmiranda2203 · tribute_sent a jugador 2 |
| 39:45 | hcmiranda2203 · tribute_sent a jugador 3 |
| 39:45 | hcmiranda2203 · tribute_sent a jugador 5 |
| 39:45 | hcmiranda2203 · tribute_sent a jugador 6 |
| 39:45 | hcmiranda2203 · tribute_sent a jugador 7 |
| 39:45 | hcmiranda2203 · tribute_sent a jugador 8 |
| 39:54 | Biggus Dichus · first_market_buy 100 wood |
| 42:04 | Biggus Dichus · wall_segment Stone Wall x16 |
| 43:19 | Ebrio · first_building Archery Range |
| 45:12 | Ebrio · wall_segment Stone Wall x9 |
| 46:04 | Surfer's Gambit · first_building Castle |
| 46:05 | Ebrio · wall_segment Stone Wall x11 |
| 47:36 | Biggus Dichus · wall_segment Stone Wall x23 |
| 49:29 | hcmiranda2203 · first_market_sell 500 wood |
| 50:14 | Biggus Dichus · tribute_sent a jugador 1 |
| 50:14 | Biggus Dichus · tribute_sent a jugador 2 |
| 50:14 | Biggus Dichus · tribute_sent a jugador 3 |
| 50:14 | Biggus Dichus · tribute_sent a jugador 4 |
| 50:14 | Biggus Dichus · tribute_sent a jugador 6 |
| 50:14 | Biggus Dichus · tribute_sent a jugador 7 |
| 50:14 | Biggus Dichus · tribute_sent a jugador 8 |
| 50:37 | Biggus Dichus · tribute_sent a jugador 1 |
| 50:37 | Biggus Dichus · tribute_sent a jugador 2 |
| 50:37 | Biggus Dichus · tribute_sent a jugador 3 |
| 50:37 | Biggus Dichus · tribute_sent a jugador 4 |
| 50:37 | Biggus Dichus · tribute_sent a jugador 6 |
| 50:37 | Biggus Dichus · tribute_sent a jugador 7 |
| 50:37 | Biggus Dichus · tribute_sent a jugador 8 |
| 50:46 | Ebrio · first_market_sell 500 food |
| 50:56 | Surfer's Gambit · first_building Siege Workshop |
| 51:49 | THEPADDYDOC · first_building Siege Workshop |
| 53:02 | Ebrio · resign |
[ AI ANALYSIS · 1 CREDIT ]
What really happened in this match?
Wolo.gg analyzes every decision: build order, eco, micro, common mistakes by bracket. Personalized analysis on WhatsApp or Discord in 30 seconds.
Civ guide
Romans
Perfil
Jugador #19081665